Map: Abyssal Reef LE

Players

泥暗魔女一零

  • Race: Protoss Protoss
  • League: Master
  • Spawn Location: 11:00

lIlIlIlIlIlI - Winner!

  • Race: Terran Terran
  • League: Master
  • Spawn Location: 5:00

VOD

Have the link to the VOD?

Description

Time

  • Played on: June 9, 2017, 5:55 p.m.
  • Length: 13:08
Show
View Real Time Build Order
Export as new Build Order

泥暗魔女一零 Protoss 

Build Orders: 1 Gate Expand 

Get SALT Encoding   

  12  0:01  Probe (Chrono Boost)  
  13  0:11  Probe (Chrono Boost)  
  14  0:17  Pylon  
  14  0:23  Probe (Chrono Boost)  
  15  0:35  Probe (Chrono Boost)  
  16  0:36  Gateway  
  16  0:46  Probe (Chrono Boost)  
  16  0:47  Assimilator  
  17  0:56  Probe (Chrono Boost)  
  18  1:07  Probe (Chrono Boost)  
  19  1:20  Nexus  
  19  1:30  Cybernetics Core  
  19  1:34  Probe (Chrono Boost)  
  20  1:40  Assimilator  
  20  1:44  Probe (Chrono Boost)  
  21  1:52  Pylon  
  21  1:55  Probe (Chrono Boost)  
  21  2:01  Warp Gate  
  22  2:06  Probe (Chrono Boost)  
  22  2:07  Stalker  
  24  2:18  Probe (Chrono Boost)  
  26  2:32  Mothership Core (Chrono Boost)  
  26  2:34  Probe (Chrono Boost)  
  26  2:36  Pylon  
  28  2:38  Stalker  
  30  2:44  Probe (Chrono Boost)  
  32  2:52  Probe (Chrono Boost)  
  32  2:55  Robotics Facility  
  32  2:58  Probe (Chrono Boost)  
  33  3:04  Probe (Chrono Boost)  
  34  3:08  Probe (Chrono Boost)  
  35  3:16  Probe (Chrono Boost)  
  35  3:17  Gateway  
  36  3:22  Gateway  
  36  3:24  Probe (Chrono Boost)  
  37  3:30  Stalker  
  37  3:33  Probe (Chrono Boost)  
  40  3:35  Probe (Chrono Boost)  
  40  3:40  Pylon  
  42  3:50  Immortal  
  42  3:52  Pylon  
  43  4:14  Probe (Chrono Boost)  
  43  4:15  Probe (Chrono Boost)  
  41  4:18  Stalker x2  
  37  4:25  Probe (Chrono Boost)  
  37  4:28  Probe (Chrono Boost)  
  39  4:31  Robotics Bay  
  39  4:35  Probe (Chrono Boost)  
  39  4:36  Sentry  
  43  4:40  Assimilator, Probe (Chrono Boost)  
  43  4:46  Warp Prism, Probe (Chrono Boost)  
  43  4:52  Probe (Chrono Boost)  
  47  4:56  Probe (Chrono Boost)  
  47  4:57  Assimilator  
  48  5:04  Probe (Chrono Boost)  
  50  5:07  Probe (Chrono Boost)  
  50  5:12  Pylon  
  50  5:14  Gravitic Drive  
  50  5:16  Probe (Chrono Boost)  
  50  5:18  Probe (Chrono Boost), Disruptor  
  52  5:28  Probe (Chrono Boost)  
  56  5:31  Forge  
  56  5:32  Probe (Chrono Boost)  
  57  5:40  Probe (Chrono Boost)  
  57  5:42  Twilight Council  
  59  5:44  Probe (Chrono Boost)  
  58  5:55  Protoss Ground Weapons Level 1  
  60  5:57  Probe (Chrono Boost), Observer  
  60  5:58  Pylon, Probe (Chrono Boost)  
  60  6:02  Blink  
  61  6:09  Probe (Chrono Boost)  
  62  6:12  Nexus  
  62  6:15  Pylon  
  62  6:16  Probe (Chrono Boost)  
  63  6:22  Disruptor  
  64  6:26  Probe (Chrono Boost)  
  68  6:36  Robotics Facility  
  68  6:39  Probe (Chrono Boost)  
  69  6:40  Probe (Chrono Boost)  
  69  6:42  Pylon  
  69  6:43  Pylon  
  69  6:53  Probe (Chrono Boost)  
  71  6:54  Probe (Chrono Boost)  
  71  6:58  Immortal  
  75  7:01  Stalker x2  
  75  7:07  Probe x2 (Chrono Boost)  
  81  7:19  Probe x2 (Chrono Boost)  
  83  7:24  Pylon  
  83  7:28  Immortal  
  90  7:30  Probe (Chrono Boost)  
  90  7:31  Probe x2 (Chrono Boost)  
  90  7:40  Immortal  
  90  7:43  Probe (Chrono Boost)  
  95  7:44  Probe (Chrono Boost)  
  95  7:46  Probe (Chrono Boost)  
  95  7:47  Stalker x3  
  103  7:56  Probe (Chrono Boost)  
  103  7:57  Pylon  
  104  7:58  Pylon  
  104  8:08  Immortal  
  108  8:13  Pylon  
  108  8:14  Pylon  
  108  8:19  Immortal  
  103  8:31  Stalker  
  103  8:32  Stalker x2  
  103  8:38  Probe (Chrono Boost)  
  103  8:39  Probe (Chrono Boost)  
  80  8:47  Immortal  
  61  8:56  Stalker x3  
  61  8:59  Immortal  
  61  9:01  Probe (Chrono Boost)  
  72  9:03  Probe x2 (Chrono Boost)  
  72  9:04  Protoss Ground Weapons Level 2  
  69  9:17  Probe (Chrono Boost)  
  69  9:19  Probe x2 (Chrono Boost)  
  71  9:26  Immortal  
  71  9:29  Probe (Chrono Boost)  
  77  9:32  Sentry  
  77  9:34  Assimilator  
  77  9:36  Pylon, Immortal, Assimilator  
  77  9:38  Probe (Chrono Boost)  
  83  9:42  Adept  
  85  9:55  Charge  
  85  10:04  Zealot x2  
  85  10:05  Zealot, Immortal  
  95  10:08  Gateway  
  95  10:09  Gateway  
  95  10:10  Immortal  
  99  10:22  Pylon  
  99  10:25  Pylon  
  99  10:27  Zealot x2  
  103  10:40  Probe x2 (Chrono Boost)  
  101  10:45  Probe (Chrono Boost)  
  101  10:52  Probe (Chrono Boost)  
  101  10:53  Disruptor  
  105  10:58  Warp Prism  
  105  11:00  Nexus  
  105  11:01  Pylon  
  108  11:07  Templar Archives  
  108  11:09  Probe (Chrono Boost)  
  108  11:10  Probe (Chrono Boost)  
  108  11:11  Probe (Chrono Boost)  
  110  11:21  Probe (Chrono Boost)  
  110  11:22  Probe (Chrono Boost)  
  110  11:24  Probe (Chrono Boost)  
  113  11:32  Immortal  
  117  11:39  Zealot x5  
  99  11:49  Mothership Core (Chrono Boost)  
  99  11:51  Disruptor  
  98  12:06  Disruptor  
  91  12:26  Zealot x2  
  91  12:27  Zealot x2  
  46  13:03  Zealot x3  
Show
View Real Time Build Order
Export as new Build Order

lIlIlIlIlIlI Terran - Winner!

Build Orders: Cyclone Opening, Mech 

Get SALT Encoding   

  12  0:01  SCV  
  13  0:13  SCV  
  14  0:17  Supply Depot  
  14  0:25  SCV  
  15  0:30  Refinery  
  15  0:39  SCV  
  16  0:46  Barracks  
  16  0:55  SCV  
  17  0:57  Refinery  
  17  1:07  SCV  
  18  1:19  SCV  
  19  1:33  Marine, Orbital Command  
  19  1:36  Factory  
  20  1:46  Supply Depot  
  20  1:51  Barracks Reactor  
  20  1:59  SCV  
  21  2:11  SCV  
  22  2:23  SCV  
  23  2:32  Cyclone x2  
  23  2:35  SCV  
  30  2:38  Supply Depot  
  30  2:47  SCV  
  31  3:00  SCV  
  31  3:04  Cyclone x2  
  37  3:15  SCV  
  38  3:23  Command Center  
  38  3:27  SCV  
  38  3:33  Supply Depot  
  39  3:35  Armory  
  39  3:54  SCV  
  40  3:56  Factory  
  40  3:58  Factory  
  37  4:23  SCV  
  35  4:24  Cyclone x2  
  35  4:35  SCV  
  35  4:36  Orbital Command  
  36  4:39  Refinery  
  36  4:40  Factory Tech Lab  
  36  4:41  Factory Tech Lab  
  36  4:47  SCV  
  37  4:54  Refinery  
  37  4:56  Hellion x2  
  37  4:59  Siege Tank, SCV  
  45  5:03  SCV  
  46  5:11  SCV  
  46  5:13  Siege Tank  
  50  5:15  SCV  
  51  5:22  Hellion x2  
  51  5:24  SCV  
  51  5:26  Supply Depot  
  51  5:27  SCV  
  57  5:36  SCV  
  57  5:39  SCV  
  59  5:48  Thor, SCV  
  62  5:51  Thor, SCV  
  69  6:00  SCV  
  69  6:02  Supply Depot  
  70  6:04  Supply Depot  
  70  6:10  Terran Vehicle Weapons Level 1  
  70  6:23  SCV  
  70  6:24  Hellion x2, SCV  
  73  6:28  Supply Depot  
  73  6:29  Engineering Bay  
  73  6:34  Thor  
  73  6:37  SCV x2  
  81  6:42  Siege Tank  
  81  6:45  Hellion  
  86  6:49  Cyclone  
  86  6:57  Supply Depot  
  86  7:00  Missile Turret  
  86  7:01  Missile Turret  
  86  7:03  Missile Turret  
  86  7:06  Missile Turret  
  86  7:08  Hellion  
  88  7:16  Siege Tank  
  88  7:17  Siege Tank  
  88  7:22  Hellion  
  96  7:41  Hellion  
  96  7:43  Hellion  
  97  7:48  Siege Tank  
  100  7:51  Supply Depot  
  100  7:52  Supply Depot  
  100  8:03  Factory  
  100  8:04  Factory  
  100  8:13  Siege Tank  
  100  8:15  Hellion x2  
  107  8:20  Siege Tank  
  108  8:38  Hellion x2  
  98  8:45  Siege Tank  
  78  8:52  Thor  
  75  9:00  Factory Reactor x2  
  75  9:01  SCV x2  
  73  9:07  Command Center  
  67  9:17  Siege Tank  
  67  9:20  SCV x2  
  68  9:32  SCV  
  68  9:33  Cyclone x2  
  68  9:35  Thor  
  68  9:38  Hellion x3, Cyclone  
  90  9:41  Supply Depot  
  90  9:42  Supply Depot  
  90  9:44  Supply Depot x2  
  88  9:49  Siege Tank  
  89  9:59  Hellion  
  91  10:02  Cyclone  
  91  10:03  Hellion  
  91  10:05  Hellion  
  98  10:14  Hellion x2  
  98  10:18  Siege Tank  
  105  10:25  Hellion x2, Siege Tank  
  105  10:26  Hellion  
  114  10:34  Cyclone  
  117  10:36  Hellion  
  117  10:46  Hellion x2  
  117  10:50  Siege Tank  
  117  10:53  Planetary Fortress  
  120  11:01  Hellion  
  120  11:03  Refinery x2  
  122  11:05  Hellion  
  124  11:12  Hellion, Siege Tank  
  128  11:24  Hellion, Siege Tank  
  128  11:25  Hellion  
  122  11:44  Siege Tank  
  122  11:45  Hellion  
  122  11:47  Hellion  
  115  11:56  Siege Tank  
  117  12:02  Hellion  
  117  12:05  SCV  
  113  12:16  Siege Tank, SCV  
  117  12:28  Siege Tank  
  117  12:36  SCV x2  
  119  12:44  Hellion  
  118  12:46  SCV  
  118  12:48  SCV  
Tags
 
Add a new tag
Caveats
  • Supply blocks, unpowered buildings, or Contaminate may cause inaccurate times.
  • Supply counts are checked every 10 seconds.